 Dungeon Crawl Stone Soup version 0.29.1-15-g9cfb28693d (webtiles) character file.

Game seed: 14734257217560719017

63 javelincjr the Magician (level 3, -3/26 HPs)
             Began as a Demonspawn Hedge Wizard on Apr 21, 2023.
             Was a Follower of Wu Jian.
             Slain by a gnoll
             ... wielding a +0 flail
             ... led by a gnoll bouda
              (4 damage)
             ... on level 3 of the Dungeon.
             The game lasted 00:07:28 (3839 turns).

javelincjr the Magician (Demonspawn Hedge Wizard)   Turns: 3839, Time: 00:07:28

Health: -3/26      AC:  2    Str: 12    XL:     3   Next: 87%
Magic:  2/7        EV: 12    Int: 15    God:    Wu Jian [*.....]
Gold:   101        SH:  0    Dex: 12    Spells: 5/8 levels left

rFire   . . .      SeeInvis .   a - +0 dagger
rCold   . . .      Faith    .   (no shield)
rNeg    . . .      Spirit   .   b - +0 robe
rPois   .          Reflect  .   c - +0 hat
rElec   .          Harm     .   (no cloak)
rCorr   .          Rampage  .   (no gloves)
Will    .....                   (no boots)
Stlth   ++........              (no amulet)
HPRegen 0.08/turn               (no ring)
MPRegen 0.10/turn               (no ring)

@: no status effects
A: weakness stinger 2
a: Renounce Religion


You were on level 3 of the Dungeon.
You worshipped Wu Jian.
Wu Jian was aware of your devotion.
You visited 1 branch of the dungeon, and saw 3 of its levels.

You collected 129 gold pieces.
You spent 28 gold pieces at shops.

Inventory:

Hand Weapons
 a - a +0 dagger (weapon)
Armour
 b - a +0 robe (worn)
 c - a +0 hat (worn)
Jewellery
 g - a +6 ring of intelligence
 n - an amulet of guardian spirit
Scrolls
 e - 4 scrolls of identify
 h - a scroll of immolation {unknown}
 k - a scroll of enchant weapon {unknown}
 m - a scroll of vulnerability {unknown}
Potions
 d - a potion of magic
 f - 2 potions of heal wounds {unknown}
 i - 2 potions of flight {unknown}
 j - 2 potions of curing {unknown}
 l - a potion of mutation {unknown}


   Skills:
 * Level 1.3 Fighting
 + Level 0.8 Armour
 + Level 2.0 Dodging
 - Level 1.7 Stealth
 * Level 3.3 Spellcasting
 + Level 1.4 Conjurations
 + Level 1.6 Summonings
 + Level 1.3 Translocations


You had 5 spell levels left.
You knew the following spells:

 Your Spells              Type           Power      Damage    Failure   Level
a - Magic Dart            Conj           28%        1d4       11%         1
b - Call Imp              Summ           7%         N/A       16%         2

Your spell library contained the following spells:

 Spells                   Type           Power      Damage    Failure   Level
 Blink                    Tloc           12%        N/A       17%         2
 Slow                     Hex            8%         N/A       19%         1
 Conjure Flame            Conj/Fire      4%         6-21      38%         3
 Mephitic Cloud           Conj/Pois/Air  4%         N/A       43%         3


Dungeon Overview and Level Annotations

Branches:
Dungeon (3/15)

Altars:
Wu Jian

Shops:
D:1 ?


Innate Abilities, Weirdness & Mutations

You have a tail ending in a sharp stinger.


Message History

There is a stone staircase leading down here.
You climb downwards.
There is a stone staircase leading up here.
There is a stone staircase leading up here.
You now have 101 gold pieces (gained 14). 2 gnolls come into view.
The gnoll shouts!
You hear a shout! x2
The magic dart hits the gnoll.
The gnoll is moderately wounded.
A gnoll bouda comes into view. It is wielding a +0 club.
The magic dart hits the gnoll.
The gnoll is moderately wounded.
The gnoll bouda barks out a call to the hunt!
The gnolls pick up the pace!
You hear a shout!
The magic dart hits the gnoll but does no damage.
The gnoll is moderately wounded.
A gnoll comes into view. It is wielding a +0 spear.
The gnoll bouda gazes fiercely through you!
You feel your attacks grow feeble.
Casting: Magic Dart (safe; 11% risk of failure)
Confirm with . or Enter, or press ? or * to list all spells.
A beastly little devil appears in a puff of flame.
The magic dart hits the gnoll.
The gnoll is heavily wounded.
The gnoll hits you from afar with a +0 halberd!
Ouch! That really hurt!
The gnoll hits you with a +0 flail.
* * * LOW HITPOINT WARNING * * *
Your crimson imp hits the gnoll.
The gnoll attacks as you move away! The gnoll closely misses you.
The gnoll hits something with a +0 halberd!
The gnoll misses you.
Your attacks no longer feel as feeble.
The gnoll attacks as you move away! The gnoll barely misses you.
The gnoll attacks as you move away! The gnoll closely misses you. x2
The gnoll attacks as you move away! The gnoll hits you with a +0 flail.
* * * LOW HITPOINT WARNING * * *
The gnoll is no longer moving quickly.
The gnoll hits you with a +0 flail.
You die...

#.......+ # .
####....###
#.....g..#
#.####...#
#.####...###
#.##..g....#
#.##g......#
#.##g......#
##...@....###
#.........#
#.###.###.# #.
#<###.####
#.###.........
#.........####
###########


You could see a gnoll bouda and 3 gnolls.

Vanquished Creatures
  An adder (D:2)
  A gnoll (D:1)
  2 worms (D:2)
  4 bats
  2 endoplasms (D:2)
  2 giant cockroaches (D:1)
  4 goblins
  A hobgoblin (D:1)
  A quokka (D:1)
  5 ball pythons
  5 frilled lizards (D:1)
  2 kobolds
  8 rats
38 creatures vanquished.

Vanquished Creatures (collateral kills)
  An endoplasm (D:2)
  A kobold (D:2)
2 creatures vanquished.

Grand Total: 40 creatures vanquished

Notes
Turn   | Place    | Note
-------+----------+-------------------------------------------
     0 | D:1      | javelincjr the Demonspawn Hedge Wizard began the quest for
                  | the Orb.
     0 | D:1      | Reached XP level 1. HP: 13/13 MP: 4/4
   353 | D:1      | Reached skill level 1 in Translocations
   429 | D:1      | Gained mutation: You have a small tail. [demonic ancestry]
   429 | D:1      | Reached XP level 2. HP: 20/20 MP: 1/6
   565 | D:1      | Found Musinn's Magic Scroll Shop.
   570 | D:1      | Bought a scroll of identify for 28 gold pieces
  1420 | D:1      | Gained mutation: You have a tail ending in a sharp stinger.
                  | [demonic ancestry]
  1420 | D:1      | Reached XP level 3. HP: 22/25 MP: 0/7
  1502 | D:2      | Reached skill level 1 in Fighting
  2008 | D:2      | Learned a level 2 spell: Call Imp
  2300 | D:2      | Found a faded altar of an unknown god.
  2350 | D:2      | Prayed at the altar of an unknown god.
  2350 | D:2      | Became a worshipper of the Wu Jian Council
  2350 | D:2      | Reached * piety under Wu Jian
  3839 | D:3      | HP: 1/26 [gnoll/+0 flail[a gnoll bouda] (6)]
  3839 | D:3      | Slain by a gnoll

Illustrated notes

Levels and vault maps discovered:
D:1:      dpeg_arrival_subterranean_lakeside_camping, layout_basic,
          serial_shops, nicolae_shop_trees
D:2:      layout_basic, basic_ecumenical_altar, chequers_serial_rivers_micro_b
D:3:      minmay_bubble_buster, layout_loops_corners,
          gammafunk_ghost_nasty_kobolds, nicolae_figureground_sparkle

Skill      XL: |  1  2  3 |
---------------+----------+-----
Translocations | 1 |  1.3
Dodging        | 2 |  2.0
Fighting       | 1 |  1.3
Armour         | |  0.8
Stealth        | |  1.7
Spellcasting   | |  3.3
Conjurations   | |  1.4
Summonings     | |  1.6

Action                   || total
-------------------------++-------
Melee: Dagger            ||    85
       Tailslap          ||    10
       Punch             ||     1
 Cast: Magic Dart        ||    75
       Call Imp          ||     3
Invok: Whirlwind         ||    26
       Lunge             ||     3
Armor: Robe              ||    10
Dodge: Dodged            ||    67
